 Dungeon Crawl Stone Soup version 0.27.1-1-g398f81649c (webtiles) character file.

Game seed: 3243106942846209167

118395 Borgoz the Bludgeoner (level 16, 0/162 HPs)
             Began as a Gargoyle Berserker on Sept 19, 2021.
             Was the Champion of Trog.
             Slain by an orc warrior (9 damage)
             ... on level 2 of the Orcish Mines.
             The game lasted 00:40:10 (32288 turns).

Borgoz the Bludgeoner (Gargoyle Berserker)         Turns: 32288, Time: 00:40:10

Health: 0/162      AC: 42    Str: 28      XL:     16   Next: 76%
Magic:  16/16      EV: 15    Int:  7 (9)  God:    Trog [******]
Gold:   2929       SH:  0    Dex: 14      Spells: 15/15 levels left

rFire    + . .     SeeInvis +   a - +4 dire flail (vorpal)
rCold    . . .     Faith    +   (shield currently unavailable)
rNeg     + . .     Spirit   .   M - +4 chain mail "Monui" {rF+}
rPois    ∞         Reflect  .   H - +2 helmet {SInv}
rElec    +         Harm     .   K - +2 cloak {Stlth+}
rCorr    .         Rampage  .   P - +0 pair of gloves
Will     +....                  e - +2 pair of boots
Stlth    ..........             u - amulet of faith
HPRegen  0.37/turn              C - +6 ring of strength
MPRegen  0.15/turn              j - +4 ring of slaying

@: berserking, flying, hasted, studying Dodging, very quick
A: sickness immunity, AC +12, big wings, negative energy resistance 1,
electricity resistance, torment resistance 1, petrification resistance
a: Renounce Religion, Berserk, Trog's Hand, Brothers in Arms


You were on level 2 of the Orcish Mines.
You worshipped Trog.
Trog was exalted by your worship.
You visited 3 branches of the dungeon, and saw 23 of its levels.
You also visited: Gauntlet and Volcano.

You collected 3146 gold pieces.
You spent 217 gold pieces at shops.

Inventory:

Hand Weapons
 a - a +4 vorpal dire flail (weapon)
 b - a +4 dire flail of holy wrath
 r - a +0 great mace of holy wrath
Missiles
 N - a throwing net (quivered)
Armour
 e - a +2 pair of boots (worn)
 q - +0 acid dragon scales
 H - a +2 helmet of see invisible (worn)
 K - a +2 cloak of stealth (worn)
 M - the +4 chain mail "Monui" (worn) {rF+}
   (You took it off a minotaur in a Gauntlet)

   rF:        It protects you from fire.
 P - a +0 pair of gloves (worn)
Jewellery
 j - a +4 ring of slaying (right hand)
 u - an amulet of faith (around neck)
 y - a +6 ring of strength
 C - a +6 ring of strength (left hand)
Wands
 c - a wand of iceblast (20)
 w - a wand of paralysis (9)
 B - a wand of acid (1)
 D - a wand of flame (65)
 G - a wand of digging (17)
Scrolls
 f - 2 scrolls of enchant armour
 g - a scroll of enchant weapon
 i - 2 scrolls of silence
 l - 3 scrolls of fear
 n - 6 scrolls of noise {unknown}
 o - 4 scrolls of fog
 p - 5 scrolls of teleportation
 v - 3 scrolls of blinking
 x - 3 scrolls of magic mapping
 I - 3 scrolls of summoning
 L - a scroll of brand weapon
 O - 3 scrolls of holy word
Potions
 d - 5 potions of invisibility
 h - 3 potions of heal wounds
 k - 5 potions of might
 m - 3 potions of berserk rage
 s - 3 potions of cancellation
 t - 4 potions of haste
 z - 3 potions of mutation
 A - a potion of attraction
 E - a potion of ambrosia
 F - 6 potions of curing
 J - a potion of resistance


   Skills:
 + Level 15.6 Fighting
 + Level 15.7 Maces & Flails
 + Level 15.3 Armour
 + Level 13.4 Dodging


You had 15 spell levels left.
You didn't know any spells.
Your spell library was empty.

Dungeon Overview and Level Annotations

Branches:
Dungeon (15/15) Temple (0/1) D:4 Lair (6/6) D:11 Swamp (0/4) Lair:4 Spider (0/4) Lair:4 Slime (0/5) Lair:6 Orc (2/2) D:12 Vaults (0/5) D:12 D:13 Depths (0/5) D:15 Volcano (visited) Gauntlet (visited) Elf: Orc:2

Altars:
Ashenzari
Dithmenos
Makhleb
Sif Muna
Uskayaw
Yredelemnul
Zin
The Shining One
Beogh
Jiyva

Shops:
D:3 !   D:4 !   D:10 [


Innate Abilities, Weirdness & Mutations

You are immune to sickness and miasma.
Your stone body is resilient. (AC +12)
You are immune to poison.
Your large and strong wings let you fly.
You resist negative energy. (rN+)
You are resistant to electric shocks. (rElec)
You are resistant to unholy torment.
You are immune to petrification.


Message History

The orc warrior hits you but does no damage.
Snorg bites you but does no damage. Snorg claws you but does no damage.
Snorg closely misses you.
You bludgeon Snorg!!
Snorg is moderately wounded.
The orc sorcerer barely misses you. Snorg bites you.
* * * LOW HITPOINT WARNING * * *
Snorg claws you but does no damage. Snorg barely misses you.
You bludgeon Snorg!!
Snorg is moderately wounded.
The orc warrior misses you.
You puncture Snorg!
Snorg is heavily wounded.
The orc warrior hits you but does no damage.
An orc priest comes into view. It is wielding a +0 flail.
Snorg closely misses you. Snorg barely misses you. Snorg misses you.
The orc priest calls down the wrath of Beogh upon you.
Beogh smites you!
* * * LOW HITPOINT WARNING * * *
You spit Snorg like a pig!!!
Snorg is severely wounded.
The orc sorcerer hits you but does no damage.
The orc warrior misses you.
You impale Snorg!!
Snorg is almost dead.
Snorg bites you!
* * * LOW HITPOINT WARNING * * *
Snorg claws you but does no damage. Snorg barely misses you.
The orc priest invokes the aid of Beogh against you.
Beogh smites you!
* * * LOW HITPOINT WARNING * * *
The orc warrior hits you but does no damage.
You sock Snorg!
You kill Snorg!
Trog accepts your kill.
The orc sorcerer hits you but does no damage.
Your life force feels restored.
You closely miss the orc sorcerer.
The orc warrior hits you from afar with a +0 trident!
You die...

...............#..
#######.............##..
......##................
.......##..............#
##......#.............##
#......o#............#.#
#..o3o#...............
#oooo#...............
#.@#...............
#.o)..............#
#..).........).....
#............)....#
#..#.......).).....
#.o..#...............
.....#...........#...
......#...............
......#...............


You could see a neqoxec (summoned), an orc sorcerer, 2 orc warriors, 3 orc
priests and 3 orc wizards.

Vanquished Creatures
  Saint Roka (Orc:2)
  Rupert (D:12)
  Roxanne (D:14)
  A fire giant (D:12)
  Nessos (D:13)
  The ghost of Vufrucs the Grappler, a journeyman DrTm of Wu Jian (Lair:4)
  A dire elephant (D:15)
  A minotaur (Gauntlet)
  Snorg (Orc:2)
  A yaktaur captain (D:12)
  An ettin (D:12)
  9 hydras
  Erolcha (D:12)
  An ogre mage (D:15)
  2 boulder beetles (D:12)
  8 centaur warriors
  5 catoblepae
  15 two-headed ogres
  A dancing weapon (Volcano)
  6 death yaks
  A death knight (D:14)
  Urug (Lair:5)
  A tengu warrior (D:15)
  An orc high priest (Orc:2)
  4 skeletal warriors (D:14)
  A flayed ghost (D:12)
  A bog body (Lair:4)
  5 wizards
  A deep elf zephyrmancer (D:7)
  2 orc knights
  3 wolf spiders
  4 deep elf pyromancers
  3 orc sorcerers (Orc:2)
  The ghost of Kold the Chiller, a novice DsIE (D:6)
  2 ugly things
  4 cyclopes
  8 manticores
  2 black mambas
  6 elephants (Lair:6)
  4 toenail golems (Volcano)
  A torpor snail (Lair:3)
  11 cane toads
  A cane toad (shapeshifter) (D:15)
  3 freezing wraiths
  9 komodo dragons
  An unseen horror (D:12)
  9 rime drakes
  5 tengu conjurers
  2 efreet (D:15)
  A kobold demonologist (D:12)
  A merfolk (D:15)
  6 trolls
  6 meliai
  A hornet (D:9)
  2 jumping spiders (Lair:4)
  2 polar bears
  12 blink frogs
  4 slime creatures
  6 dream sheep
  48 yaks
  2 wyverns
  4 vampires
  2 shadows (Gauntlet)
  4 wraiths
  5 basilisks
  16 humans (D:12)
  8 steam dragons (Lair:4)
  9 vampire mosquitoes
  3 wargs
  Edmund (D:5)
  2 acid dragons (D:12)
  15 water moccasins
  18 orc warriors
  2 ice beasts
  A sky beast (D:7)
  2 black bears
  3 necrophages
  A boggart (D:12)
  4 ogres
  33 wolves
  2 phantoms (D:7)
  13 centaurs
  3 kobold brigands
  2 gnoll sergeants
  19 bullfrogs
  A scorpion (D:7)
  A wyvern skeleton (D:6)
  6 killer bees (D:11)
  An electric eel (Lair:3)
  5 howler monkeys
  A lava snake (D:14)
  A crimson imp (D:8)
  3 centaur zombies
  2 jellies
  2 hounds
  3 bullfrog zombies (D:6)
  13 orc priests
  A gnoll shaman (D:7)
  Jessica (D:2)
  3 iguanas (D:6)
  19 orc wizards
  3 killer bee zombies
  A howler monkey zombie (D:9)
  5 adders
  13 gnolls
  2 howler monkey skeletons
  2 river rats (Lair:2)
  2 shadow imps
  2 white imps (Gauntlet)
  2 adder skeletons (D:4)
  A worm (D:2)
  36 orcs
  4 bats
  10 endoplasms
  3 giant cockroaches
  7 goblins
  6 hobgoblins
  10 jackals
  5 quokkas
  2 ball pythons (D:3)
  5 frilled lizards
  A goblin skeleton (D:6)
  A goblin zombie (D:6)
  5 hobgoblin zombies (D:6)
  9 kobolds
  An orc skeleton (D:6)
  An orc zombie (D:6)
  7 rats
628 creatures vanquished.

Vanquished Creatures (collateral kills)
  A dire elephant (Lair:4)
  A fire dragon (Lair:4)
  3 death yaks
  A wizard (Volcano)
  A moth of wrath (Lair:4)
  An elephant (Lair:3)
  A toenail golem (Volcano)
  2 cane toads
  3 dream sheep (Lair:4)
  8 blink frogs
  A yak (Lair:3)
  A steam dragon (Lair:4)
  2 water moccasins (Lair:3)
  A wolf (Lair:4)
27 creatures vanquished.

Vanquished Creatures (others)
  A rime drake (Lair:4)
  An orc warrior (Orc:2)
  An orc priest (Orc:2)
  An orc (Orc:2)
  29 fungi
  31 plants
  23 withered plants (Gauntlet)
87 creatures vanquished.

Grand Total: 742 creatures vanquished

Notes
Turn   | Place    | Note
-------+----------+-------------------------------------------
     0 | D:1      | Borgoz the Gargoyle Berserker began the quest for the Orb.
     0 | D:1      | Reached XP level 1. HP: 14/14 MP: 1/1
   264 | D:1      | Found a faded altar of an unknown god.
   284 | D:1      | Reached XP level 2. HP: 17/19 MP: 2/2
   733 | D:1      | Reached XP level 3. HP: 23/23 MP: 3/3
  1215 | D:2      | Noticed Jessica
  1220 | D:2      | Killed Jessica
  1221 | D:2      | Reached XP level 4. HP: 26/29 MP: 4/4
  1305 | D:2      | Reached ** piety under Trog
  2076 | D:3      | Found Nuofafat's Distillery.
  2098 | D:3      | Reached XP level 5. HP: 32/33 MP: 5/5
  2609 | D:4      | Found Nocre's Distillery.
  2672 | D:4      | Noticed a kobold brigand
  2696 | D:4      | Killed a kobold brigand
  2697 | D:4      | Reached XP level 6. HP: 10/39 MP: 6/6
  3335 | D:4      | Reached skill level 5 in Fighting
  3335 | D:4      | Reached XP level 7. HP: 38/44 MP: 7/7
  3576 | D:4      | Found a glowing silver altar of Zin.
  3647 | D:4      | Found a staircase to the Ecumenical Temple.
  3732 | D:5      | Entered Level 5 of the Dungeon
  4343 | D:5      | Reached skill level 5 in Maces & Flails
  4384 | D:5      | Reached skill level 5 in Armour
  4846 | D:5      | Noticed Edmund
  4857 | D:5      | Killed Edmund
  4858 | D:5      | Reached XP level 8. HP: 22/51 MP: 8/8
  5642 | D:6      | Reached *** piety under Trog
  5871 | D:6      | Found a glowing golden altar of the Shining One.
  5897 | D:6      | Identified the +1 robe of the Solstice {-Tele rF+++ rCorr
                  | Dex+5}
  6300 | D:6      | Found a runed translucent gate.
  6300 | D:6      | Found a runed translucent gate.
  6300 | D:6      | Found a runed translucent gate.
  6300 | D:6      | Noticed Kold's ghost (novice DsIE)
  6302 | D:6      | Found a basalt altar of Yredelemnul.
  6312 | D:6      | Reached XP level 9. HP: 56/56 MP: 9/9
  6362 | D:6      | Killed Kold's ghost
  6363 | D:6      | Reached skill level 5 in Dodging
  6591 | D:4      | Found a shimmering blue altar of Sif Muna.
  6730 | D:7      | Found a shadowy altar of Dithmenos.
  7406 | D:7      | Noticed a deep elf zephyrmancer
  7412 | D:7      | Killed a deep elf zephyrmancer
  7413 | D:7      | Reached XP level 10. HP: 64/64 MP: 10/10
  7611 | D:8      | Reached **** piety under Trog
  8221 | D:8      | Found a burning altar of Makhleb.
  9032 | D:9      | Reached XP level 11. HP: 69/71 MP: 11/11
  9034 | D:9      | Reached ***** piety under Trog
  9291 | D:9      | Found a broken altar of Ashenzari.
  9332 | D:10     | Entered Level 10 of the Dungeon
  9387 | D:10     | Noticed a centaur warrior
  9399 | D:10     | Killed a centaur warrior
  9691 | D:10     | Reached skill level 10 in Fighting
  9808 | D:10     | Noticed a two-headed ogre
  9833 | D:10     | Killed a two-headed ogre
 10292 | D:10     | Found Istriog's Antique Armour Shoppe.
 10302 | D:10     | Bought a warped leather armour for 217 gold pieces
 10302 | D:10     | Identified the +3 leather armour of Pantheism {Rampage}
                  | (You bought it in a shop on level 10 of the Dungeon)
 10733 | D:11     | Noticed a two-headed ogre
 10737 | D:11     | Killed a two-headed ogre
 10738 | D:11     | Reached skill level 10 in Armour
 11130 | D:11     | Found a staircase to the Lair.
 11527 | Lair:1   | Entered Level 1 of the Lair of Beasts
 11962 | Lair:1   | Noticed a four-headed hydra
 11974 | Lair:1   | Killed a four-headed hydra
 12057 | Lair:1   | Received a gift from Trog
 12391 | Lair:2   | Found a dark tunnel.
 12409 | Volcano  | Entered a volcano
 12411 | Volcano  | Noticed a wizard
 12419 | Volcano  | Killed a wizard
 12420 | Volcano  | Reached skill level 10 in Maces & Flails
 12426 | Volcano  | Reached XP level 12. HP: 79/79 MP: 4/12
 13248 | Lair:2   | You fall into a shaft and drop 2 floors!
 13275 | Lair:4   | HP: 1/80 [blink frog (13)]
 13430 | Lair:3   | Noticed a catoblepas
 13447 | Lair:3   | Killed a catoblepas
 14333 | Lair:2   | Reached XP level 13. HP: 86/86 MP: 4/13
 16869 | Lair:3   | You fall into a shaft and drop 1 floor!
 16880 | Lair:4   | Noticed a fire dragon
 17240 | Lair:4   | Found a staircase to the Swamp.
 17462 | Lair:4   | Reached skill level 10 in Dodging
 17533 | Lair:4   | Killed a fire dragon
 17535 | Lair:4   | Received a gift from Trog
 17827 | Lair:4   | Found a transporter.
 17852 | Lair:4   | Found a transporter.
 18167 | Lair:4   | Found a hole to the Spider Nest.
 18759 | Lair:4   | Noticed a dire elephant
 18930 | Lair:4   | Noticed Vufrucs's ghost (journeyman DrTm)
 18972 | Lair:5   | Gained mutation: Your large and strong wings let you fly.
                  | [Gargoyle growth]
 18972 | Lair:5   | Reached XP level 14. HP: 94/94 MP: 4/14
 19216 | Lair:5   | Noticed Urug
 19233 | Lair:5   | Killed Urug
 19946 | Lair:6   | Entered Level 6 of the Lair of Beasts
 20193 | Lair:6   | Found a gate leading to a gauntlet.
 20200 | Gauntlet | Entered a Gauntlet
 20200 | Gauntlet | Found a transporter.
 20200 | Gauntlet | Found a transporter.
 20317 | Gauntlet | Found a transporter.
 20317 | Gauntlet | Found a transporter.
 20320 | Gauntlet | Found a transporter.
 20320 | Gauntlet | Found a transporter.
 20334 | Gauntlet | Found a transporter.
 20336 | Gauntlet | Found a transporter.
 20344 | Gauntlet | Found a transporter.
 20446 | Gauntlet | Found a transporter.
 20450 | Gauntlet | Found a transporter.
 20462 | Gauntlet | Found a transporter.
 20814 | Gauntlet | Identified the +4 chain mail "Monui" {rF+}
 21286 | Lair:6   | Received a gift from Trog
 22277 | Lair:6   | Found a viscous altar of Jiyva.
 22278 | Lair:6   | Found a staircase to the Slime Pits.
 22917 | Lair:4   | Killed Vufrucs's ghost
 22927 | Lair:4   | Killed a dire elephant
 22928 | Lair:4   | Reached XP level 15. HP: 75/100 MP: 15/15
 22937 | Lair:4   | Identified the ring of Toenech {rPois rF- Dex+8}
 23519 | D:12     | Found a staircase to the Orcish Mines.
 23777 | D:12     | Noticed Erolcha
 23792 | D:12     | Killed Erolcha
 24157 | D:12     | Received a gift from Trog
 24161 | D:12     | Identified a scroll of acquirement
 24162 | D:12     | Acquired a manual of Dodging
 24725 | D:12     | Noticed a fire giant
 24735 | D:12     | Killed a fire giant
 25278 | D:13     | Noticed Rupert
 25278 | D:13     | Noticed Nessos
 25278 | D:13     | Found a gate to the Vaults.
 25529 | D:12     | Killed Rupert
 26183 | D:13     | Killed Nessos
 26599 | D:13     | Reached skill level 15 in Maces & Flails
 27572 | D:14     | Reached XP level 16. HP: 67/107 MP: 16/16
 27807 | D:14     | Noticed Roxanne
 28423 | D:14     | Killed Roxanne
 28648 | D:14     | Reached skill level 15 in Fighting
 28901 | D:14     | Found a hide-covered altar of Uskayaw.
 29110 | D:15     | Entered Level 15 of the Dungeon
 29481 | D:15     | Found a staircase to the Depths.
 29488 | D:15     | Received a gift from Trog
 29876 | D:15     | Reached skill level 15 in Armour
 30266 | D:15     | Identified the +1 robe of Music {MP+9 Str+7 Archmagi}
 31126 | Orc:1    | Entered Level 1 of the Orcish Mines
 31402 | Orc:2    | Entered Level 2 of the Orcish Mines
 31527 | Orc:2    | Received a gift from Trog
 31891 | Orc:2    | Noticed Saint Roka
 31915 | Orc:2    | Killed Saint Roka
 31932 | Orc:2    | Reached ****** piety under Trog
 32249 | Orc:2    | Noticed Snorg
 32260 | Orc:2    | Received a gift from Trog
 32287 | Orc:2    | Killed Snorg
 32288 | Orc:2    | Slain by an orc warrior

Illustrated notes

Levels and vault maps discovered:
D:1:      dpeg_arrival_tiny_c, layout_loops_ring, basic_ecumenical_altar,
          hangedman_abyss_or_decor_stabs
D:2:      layout_rooms, uniq_jessica
D:3:      layout_loops_ring, serial_shops, shop
D:4:      layout_basic, nicolae_overflow_hidden_temple,
          minmay_temple_entry_glassed_door, serial_shops, shop, hex_large,
          corexii_checkpoint_a
D:5:      layout_basic, serial_bayou_pond_a, nicolae_zen_rock_garden,
          uniq_edmund
D:6:      layout_cave_pools, nicolae_tso_besieged_by_evil,
          nicolae_yredelemnul_ghost_church
D:7:      layout_gridville, nicolae_dithmenos_the_darkroom,
          guppyfry_early_elven_hall
D:8:      layout_rooms, tgw_xom, makhleb_grotto_becter
D:9:      layout_roguey, cheibrodos_ashenzari_chains
D:10:     layout_rooms, serial_shops, nicolae_lakefront_shop
D:11:     layout_loops_ring, david_lair_shrubbed
D:12:     kennysheep_snake, layout_rooms, orc_0_dummy, uniq_erolcha
D:13:     layout_stronghold, david_vaults_3, uniq_nessos
D:14:     layout_stronghold, solitary_fountain, nicolae_uskayaw_suspiria,
          uniq_roxanne
D:15:     hangedman_depths_entry_try_elsewhere_first, layout_loops_ring,
          minmay_misc_feat_nine_boxes
Lair:1:   layout_cellular_growth
Lair:2:   layout_cellular_growth, nicolae_volcano_entry_lava_flow, pond
Lair:3:   nzn_winding_woodlands_cross [nzn_winding_woodlands_5x15_cabin,
          nzn_winding_woodlands_5x15_eye,
          nzn_winding_woodlands_5x15_lazy_stream,
          nzn_winding_woodlands_5x15_river_crossing,
          nzn_winding_woodlands_15x15_killbox], layout_gridlike
Lair:4:   layout_loops_ring, skrybe_swamp_entry_bodies, spider_nest_entry_a,
          gammafunk_ghost_berserking_beasts, bobbens_dragon_lair_wall,
          grunt_megastairs_1, lemuel_fruit_tree
Lair:5:   layout_long_grid, small_statue_intersection, uniq_urug
Lair:6:   evilmike_catoblepas_cave, layout_long_grid,
          dpeg_slime_entry_enclosed_altar, gauntlet_entry_generic,
          grunt_forest_large_clearings
Orc:1:    layout_diamond_mine
Orc:2:    st_orc_mages, layout_diamond_mine, basic_altar,
          hellmonk_guarded_unrand_dark_maul, uniq_saint_roka, uniq_snorg

Skill      XL: |  1  2  3  4  5  6  7  8  9 10 11 12 13 14 15 16 |
---------------+-------------------------------------------------+-----
Dodging        | 2 3 4 5 7 8 9 10 12 13 | 13.4
Armour         | 3 4 5 6 7 9 10 11 12 13 14 15 | 15.3
Fighting       | 4 5 6 8 9 10 12 13 14 15 | 15.6
Maces & Flails | 4 5 6 7 8 10 11 12 14 15 | 15.7

Action                   |  1- 3 |  4- 6 |  7- 9 | 10-12 | 13-15 | 16-18 || total
-------------------------+-------+-------+-------+-------+-------+-------++-------
Melee: Mace              |    90 |   115 |    74 |       |       |       ||   279
       Dire flail        |       |       |   156 |   341 |   619 |   432 ||  1548
       Flail             |       |       |       |   212 |   556 |       ||   768
Invok: Berserk           |       |     4 |     3 |     7 |    14 |     6 ||    34
       Trog's Hand       |       |     1 |       |     3 |     9 |       ||    13
       Brothers in Arms  |       |       |       |     2 |     5 |       ||     7
Evoke: Wand              |       |       |       |    11 |       |       ||    11
  Use: Scroll            |       |       |    15 |     3 |    17 |     5 ||    40
       Potion            |       |       |     1 |     3 |     3 |     2 ||     9
 Stab: Sleeping          |     1 |       |       |       |       |       ||     1
       Distracted        |       |       |       |     1 |     2 |       ||     3
       Invisible         |       |       |       |       |     2 |       ||     2
Armor: Animal skin       |    25 |    51 |    29 |       |       |       ||   105
       Ring mail         |       |       |    96 |   240 |   456 |       ||   792
       Leather armour    |       |       |       |    68 |       |       ||    68
       Chain mail        |       |       |       |       |   382 |   371 ||   753
Dodge: Dodged            |    62 |    73 |   146 |   389 |   993 |   377 ||  2040
